AoeStats
← Koti

Black Forest

510577274Analyzed
3v3 RM · 1d ago on Oct 1, 2026· 35m 58s· 6 players
Game mode
Random Map
Map size
Normal (6 player)
Population
200
Speed
Normal
Resources
Standard
Victory
Conquest
Starting age
Dark Age
Ending age
Imperial Age
RankedLock teamsTeams togetherTeam positionsShared explorationLock speedFull tech treeHidden civsTurbo modeCheats
Victory
Defeat
🇨🇿 Khitans · Czechia
1803
+7
🇨🇿 Bohemians · Czechia
1671
+11
🇨🇿 Romans · Czechia
1666
+12
🇫🇷 Britons · France
1597
-11
🇹🇷 Wu · Türkiye
1583
-10
🇨🇦 Koreans · Canada
1540
-9
Ovenka
10:51 Feudal Age
14:53 Castle Age
12:40 Double-Bit Axe
13:06 Domestication
16:11 Bow Saw
16:13 Pastoralism
19:40 Wheelbarrow
19:59 Gold Mining
25:45 Imperial Age
23:49 Scale Barding Armor
23:55 Forging
24:43 Hand Cart
24:14 Loom
25:17 Chain Barding Armor
25:01 Husbandry
25:55 Elite Steppe Lancer
27:21 Plate Barding Armor
28:53 Iron Casting
31:41 Capped Ram
33:26 Masonry
33:26 Siege Engineers
35:46 Chemistry
DanielCZ
0:55 Loom
12:06 Feudal Age
16:39 Castle Age
16:20 Fletching
16:57 Double-Bit Axe
18:16 Bow Saw
25:03 Wheelbarrow
25:02 Horse Collar
25:39 Fervor
28:16 Fortified Wall
31:04 Imperial Age
30:38 Chemistry
30:25 Wagenburg Tactics
33:03 Masonry
33:20 Siege Engineers
33:20 Padded Archer Armor
33:31 Bodkin Arrow
35:25 Bracer
35:11 Elite Skirmisher
36:17 Leather Archer Armor
alesh
0:37 Loom
10:56 Feudal Age
14:59 Castle Age
12:50 Fishing Lines
14:21 Double-Bit Axe
16:05 Bow Saw
17:54 Wheelbarrow
21:55 Stone Mining
22:15 Horse Collar
23:43 Gillnets
24:43 Heavy Plow
29:29 Imperial Age
28:07 Scale Mail Armor
28:18 Forging
27:34 Man-at-Arms
28:14 Squires
28:43 Hand Cart
28:13 Town Watch
29:36 Ballistics
29:27 Masonry
29:28 Gold Mining
29:06 Long Swordsman
30:02 Chain Mail Armor
30:22 Iron Casting
30:57 Comitatenses
30:58 Conscription
32:30 Chemistry
30:59 Legionary
31:38 Capped Ram
32:15 Heavy Scorpion
35:04 Guilds
34:51 Siege Ram
36:08 Siege Engineers
37:17 Blast Furnace
Funkyton
5:17 Loom
11:59 Feudal Age
15:56 Castle Age
16:01 Double-Bit Axe
16:41 Horse Collar
17:30 Heavy Plow
21:04 Wheelbarrow
20:17 Town Watch
21:26 Fishing Lines
22:32 Bow Saw
24:57 Gillnets
28:39 Imperial Age
26:55 Scale Mail Armor
27:05 Squires
28:05 Chain Mail Armor
28:01 Forging
29:12 Elite Fire Lancer
31:10 Plate Mail Armor
31:49 Siege Engineers
33:18 Iron Casting
33:43 Shinkichon
33:31 Pikeman
35:10 Conscription
Koti
1:06 Loom
12:42 Feudal Age
14:10 Double-Bit Axe
16:31 Castle Age
14:56 Fishing Lines
17:27 Bow Saw
17:10 Town Watch
19:33 Gold Mining
20:58 Gillnets
26:30 Imperial Age
24:08 Crossbowman
24:45 Fletching
25:25 Padded Archer Armor
25:28 Bodkin Arrow
26:58 Leather Archer Armor
27:36 Gold Shaft Mining
27:51 Bracer
28:50 Ballistics
31:00 Chemistry
29:50 Arbalester
32:24 Warwolf
34:32 Siege Engineers
34:50 Conscription
36:22 Ring Archer Armor
36:18 Yeomen
LonzoWall
0:51 Loom
12:39 Feudal Age
13:13 Town Watch
17:28 Castle Age
15:25 Double-Bit Axe
20:45 Bow Saw
21:50 Fletching
21:51 Fishing Lines
25:22 Horse Collar
28:14 Bodkin Arrow
32:07 Imperial Age
32:46 Ballistics
33:03 Bracer
36:07 Chemistry
Connection lost

Rejoining the realm…

Still unreachable

The connection could not be restored.

Session expired

The server has moved on; the page needs a fresh start.